 Dungeon Crawl Stone Soup version 0.20.0 (webtiles) character file.

309 Minorbread the Slasher (level 6, -2/49 HPs)
             Began as a Merfolk Gladiator on June 19, 2017.
             Slain by an orc warrior
             ... wielding a +0 long sword
              (17 damage)
             ... on level 2 of the Dungeon.
             The game lasted 00:07:31 (2971 turns).

Minorbread the Slasher (Merfolk Gladiator)          Turns: 2971, Time: 00:07:31

Health: -2/49      AC:  8    Str: 15    XL:     6   Next: 41%
Magic:  6/6        EV: 13    Int:  7    God:
Gold:   171        SH:  0    Dex: 17    Spells: 5/5 levels left

rFire    . . .     SeeInvis .   a - +0 long sword
rCold    . . .     Gourm    .   (no shield)
rNeg     . . .     Faith    .   e - +0 ring mail
rPois    .         Spirit   .   c - +0 helmet
rElec    .         Reflect  .   v - +0 cloak
rCorr    .         Harm     .   o - +0 pair of gloves
MR       .....                  (no boots)
Stlth    +.........             (no amulet)
Regen    0.2/turn               (no ring)
MPRegen  0.1/turn               (no ring)

@: hasted, very quick
A: change form in water, swift swim, stealthy swim
a: no special abilities


You were on level 2 of the Dungeon.
You were hungry.

You visited 1 branch of the dungeon, and saw 3 of its levels.

You collected 171 gold pieces.

Inventory:

Hand Weapons
 a - a +0 long sword (weapon)
Missiles
 t - a throwing net (quivered)
Armour
 c - a +0 helmet (worn)
 e - a +0 ring mail (worn)
 o - a +0 pair of gloves (worn)
 v - a +0 cloak (worn)
Jewellery
 g - an uncursed ring of see invisible {unknown}
 k - an uncursed amulet of rage {unknown}
 x - a +3 ring of evasion {unknown}
Wands
 w - a wand of flame (32/48)
Scrolls
 d - 2 scrolls of teleportation {unknown}
 h - 2 scrolls of recharging {unknown}
 j - 3 scrolls of identify {unknown}
 l - 2 scrolls of remove curse {unknown}
 p - 2 scrolls of noise {unknown}
Potions
 b - 2 potions of brilliance {unknown}
 i - 2 potions of degeneration {unknown}
 q - a potion of lignification {unknown}
 s - 2 potions of mutation {unknown}
 z - a potion of ambrosia {unknown}
Comestibles
 f - 3 bread rations
 n - a meat ration
 r - 2 royal jellies
 u - 4 fruits


   Skills:
 + Level 4.5 Fighting
 * Level 6.5 Long Blades
 - Level 2.0 Throwing
 - Level 4.0 Dodging


You had 5 spell levels left.
You didn't know any spells.

Dungeon Overview and Level Annotations

Branches:
Dungeon (3/15)

Altars:
Kikubaaqudgha
Uskayaw
Xom
Zin

Annotations:
D:2 2 transporters


Message History

The orc warrior closely misses you.
You riposte.
You hit the orc warrior but do no damage.
The orc warrior is lightly wounded.
You hit the orc warrior but do no damage.
The orc warrior is lightly wounded.
The orc warrior closely misses you.
You hit the orc warrior but do no damage.
The orc warrior is lightly wounded.
You hit the orc warrior.
The orc warrior is moderately wounded.
The orc warrior hits you with a long sword!
You barely miss the orc warrior.
The orc warrior is moderately wounded.
The orc warrior hits you but does no damage.
You hit the orc warrior.
The orc warrior is heavily wounded.
You closely miss the orc warrior.
The orc warrior is heavily wounded.
The orc warrior hits you with a long sword!
You die...

.♣._.♣♣.#....#
#♣♣♣♣.###....#
#####......#
###....)>....#
.............#
###..........#
##..>........#
.............#########
###............o@....# #
##################.# #
#.# #.# #.# #
############.##
#########..)).........#
......##..#########...##
#####..#.##....Kgo##...#


You could see an orc warrior.

Vanquished Creatures
  Sigmund (D:2)
  Terence (D:2)
  Robin (D:2)
  5 adders
  A worm (D:3)
  2 dart slugs
  A leopard gecko (D:2)
  A ball python (D:1)
  8 bats
  3 giant cockroaches (D:1)
  16 goblins
  8 hobgoblins
  3 jackals (D:1)
  8 kobolds
  A quokka (D:2)
  3 frilled lizards
  6 rats
69 creatures vanquished.

Notes
Turn   | Place    | Note
-------+----------+-------------------------------------------
     0 | D:1      | Minorbread the Merfolk Gladiator began the quest for the Orb.
     0 | D:1      | Reached XP level 1. HP: 16/16 MP: 1/1
   156 | D:1      | Reached XP level 2. HP: 21/23 MP: 2/2
   207 | D:1      | Reached skill level 4 in Long Blades
   427 | D:1      | Reached XP level 3. HP: 28/28 MP: 3/3
  1223 | D:2      | Found a hide-covered altar of Uskayaw.
  1224 | D:2      | Noticed Robin
  1242 | D:2      | Killed Robin
  1242 | D:2      | Reached XP level 4. HP: 22/35 MP: 4/4
  1458 | D:2      | Noticed Sigmund
  1459 | D:2      | Noticed Terence
  1501 | D:1      | Reached skill level 5 in Long Blades
  1572 | D:2      | Found a glowing silver altar of Zin.
  1648 | D:2      | Killed Terence
  1648 | D:2      | Reached XP level 5. HP: 35/41 MP: 5/5
  2359 | D:2      | Killed Sigmund
  2359 | D:2      | Reached skill level 6 in Long Blades
  2359 | D:2      | Reached XP level 6. HP: 28/49 MP: 6/6
  2388 | D:2      | Found an ancient bone altar of Kikubaaqudgha.
  2771 | D:3      | Found a shimmering altar of Xom.
  2771 | D:3      | Noticed an orc warrior
  2832 | D:3      | HP: 2/49 [orc warrior/long sword (13)]
  2971 | D:2      | Slain by an orc warrior

Skill      XL: |  1  2  3  4  5 |
---------------+----------------+-----
Long Blades    | 4 5 6 |  6.5
Fighting       | 3 4 |  4.5
Throwing       | |  2.0
Dodging        | |  4.0

Action                   |  1- 3 |  4- 6 || total
-------------------------+-------+-------++-------
Melee: Long sword        |    90 |   115 ||   205
Throw: Throwing net      |     3 |     1 ||     4
Evoke: Wand              |       |     2 ||     2
  Use: Potion            |       |     1 ||     1
 Stab: Held in net/web   |     1 |       ||     1
       Sleeping          |       |     1 ||     1
  Eat: Chunk             |       |     6 ||     6
Armor: Ring mail         |    43 |    41 ||    84
Dodge: Dodged            |    62 |    76 ||   138
       Rpst.: Long sword |    27 |    26 ||    53
